 Dungeon Crawl Stone Soup version 0.28.0-49-g6dfe1f597d (webtiles) character file.

Game seed: 2500174234648567218

91 pkoi the Conjurer (level 4, 0/27 HPs)
             Began as an Octopode Conjurer on May 18, 2022.
             Slain by a hound (2 damage)
             ... on level 3 of the Dungeon.
             The game lasted 00:03:53 (4839 turns).

pkoi the Conjurer (Octopode Conjurer)               Turns: 4839, Time: 00:03:53

Health: 0/27       AC:  1    Str:  6    XL:     4   Next: 59%
Magic:  1/7        EV: 13    Int: 22    God:
Gold:   110        SH:  0    Dex: 10    Spells: 0/7 levels left

rFire   . . .      SeeInvis .   b - +1 falchion
rCold   . . .      Faith    .   (no shield)
rNeg    . . .      Spirit   .   (helmet restricted)
rPois   .          Reflect  .   (no amulet)
rElec   .          Harm     .   j - ring of wizardry
rCorr   .          Rampage  .   (no ring)
Will    .....                   (no ring)
Stlth   +++.......              (no ring)
HPRegen 0.09/turn               (no ring)
MPRegen 0.10/turn               (no ring)
                                (no ring)
                                (no ring)

@: no status effects
A: almost no armour, amphibious, 8 rings, camouflage 1, gelatinous body 1,
(nimble swimmer 1), tentacles
a: no special abilities


You were on level 3 of the Dungeon.
You visited 1 branch of the dungeon, and saw 4 of its levels.

You collected 110 gold pieces.

Inventory:

Hand Weapons
 b - a +1 falchion (weapon)
Magical Staves
 e - a staff of cold
Jewellery
 j - a ring of wizardry (left tentacle)
Wands
 k - a wand of polymorph (9)
Scrolls
 a - 2 scrolls of teleportation
 f - a scroll of identify
Potions
 i - a potion of mutation


   Skills:
 + Level 0.1 Fighting
 + Level 2.0 Dodging
 - Level 3.0 Stealth
 + Level 2.2 Spellcasting
 * Level 5.6 Conjurations


You couldn't memorise any spells.
You knew the following spells:

 Your Spells              Type           Power      Damage    Failure   Level
a - Magic Dart            Conj           100%       1d8       1%          1
b - Searing Ray           Conj           54%        2d6       1%          2
c - Iskenderun's Mystic   Conj/Tloc      14%        2d5       16%         4

Your spell library contained the following spells:

 Spells                   Type           Power      Damage    Failure   Level
 Dazzling Flash           Conj/Hex       28%        N/A       5%          3
 Fulminant Prism          Conj/Hex       7%         3d7       16%         4


Dungeon Overview and Level Annotations

Branches:
Dungeon (4/15)
 Temple: D:4-7

Altars:

Annotations:
D:3 Terence


Innate Abilities, Weirdness & Mutations

You cannot wear most types of armour.
You are amphibious.
You can wear up to eight rings at the same time.
Your skin changes colour to match your surroundings (Stealth+).
Your rubbery body absorbs attacks. (AC +1, EV +1)
((You are camouflaged when in or above water. (Stealth+)))
You have tentacles for arms and can constrict up to eight enemies at once.


Message History

Casting: Searing Ray (safe; 1% risk of failure)
Confirm with . or Enter, or press ? or * to list all spells.
Aiming: Searing Ray (safe; 1% risk of failure)
Press: ? - help, Shift-Dir - straight line, f/p - hound
Aim: a hound (severely wounded, 71% to hit)
The searing ray misses the hound. (Press . to maintain the ray.)
The hound bites you.
* * * LOW HITPOINT WARNING * * *
The hound bites you.
* * * LOW HITPOINT WARNING * * *
Without enough magic to sustain it, your searing ray dissipates.
The hound barely misses you.
Unknown command.
You don't have enough magic to cast this spell.
You don't have enough magic to cast this spell.
Aiming: Polymorph
Press: ? - help, Shift-Dir - straight line, f/p - hound
Aim: a hound (severely wounded, will become a howler monkey, an iguana, or a jackal, chance to affect: 57%)
Okay, then.
Unknown command.
You barely miss the hound. Your grab misses the hound.
The hound is severely wounded.
The hound completely misses you. The hound barely misses you.
Unknown command.
You barely miss the hound. Your grab misses the hound.
The hound is severely wounded.
The hound closely misses you. The hound barely misses you.
Unknown command.
You closely miss the hound. Your grab misses the hound.
The hound is severely wounded.
The hound bites you.
* * * LOW HITPOINT WARNING * * *
The hound misses you.
Unknown command.
You barely miss the hound. Your grab misses the hound.
Your squeeze misses the hound.
The hound is severely wounded.
The hound bites you.
You die...

### ..# ..# ..# #
..##.. .....# #####
....## ...### .....#
#h..$# ......###
#@...#
....................#
........@...####....#
...... .... #....#
...... #..## #....#
.....### ...###.####
........ #..##.#
....... ###)##.#
......## ##......#


You could see a hound.

Vanquished Creatures
  3 adders
  An adder skeleton (D:2)
  A dart slug (D:1)
  An orc (D:3)
  4 ball pythons
  5 endoplasms
  3 giant cockroaches (D:1)
  3 goblins
  6 hobgoblins
  4 jackals (D:3)
  6 kobolds
  2 quokkas
  6 bats
  3 frilled lizards
  6 rats
54 creatures vanquished.

Notes
Turn   | Place    | Note
-------+----------+-------------------------------------------
     0 | D:1      | pkoi the Octopode Conjurer began the quest for the Orb.
     0 | D:1      | Reached XP level 1. HP: 11/11 MP: 3/3
   251 | D:1      | Found a faded altar of an unknown god.
   574 | D:1      | Reached XP level 2. HP: 17/17 MP: 3/5
   931 | D:1      | Learned a level 2 spell: Searing Ray
  1692 | D:1      | Reached XP level 3. HP: 21/21 MP: 2/6
  2028 | D:1      | Reached skill level 5 in Conjurations
  3069 | D:3      | Reached XP level 4. HP: 27/27 MP: 0/7
  3340 | D:3      | Learned a level 4 spell: Iskenderun's Mystic Blast
  3699 | D:3      | Noticed Terence
  4839 | D:3      | Slain by a hound

Illustrated notes

Levels and vault maps discovered:
D:1:      minmay_arrival_widening_spiral_narrow, layout_loops_cross,
          ebering_ecumenical_altar_petrified
D:2:      layout_basic
D:3:      layout_rooms, uniq_terence
D:4:      layout_gridville

Skill      XL: |  1  2  3  4 |
---------------+-------------+-----
Conjurations   | 5 |  5.6
Stealth        | 3 |  3.0
Fighting       | |  0.1
Dodging        | |  2.0
Spellcasting   | |  2.2

Action                   |  1- 3 |  4- 6 || total
-------------------------+-------+-------++-------
Melee: Unarmed           |     5 |       ||     5
       Constrict         |     1 |     2 ||     3
       Tentacles         |     1 |     1 ||     2
       Falchion          |       |    13 ||    13
 Cast: Magic Dart        |    82 |    23 ||   105
       Searing Ray       |       |     3 ||     3
  Use: Scroll            |       |     7 ||     7
Dodge: Dodged            |    11 |    26 ||    37
